 Dungeon Crawl Stone Soup version 0.26-a0-180-ge96aa7da28 (webtiles) character file.

Game seed: 15850721838663427659

33 Flugslaktarn the Chiller (level 3, -1/16 HPs)
             Began as a Vine Stalker Ice Elementalist on July 3, 2020.
             Slain by a gnoll
             ... wielding a cursed -2 whip
              (4 damage)
             ... on level 2 of the Dungeon.
             The game lasted 00:01:14 (208 turns).

Flugslaktarn the Chiller (VSIE)                      Turns: 208, Time: 00:01:15

Health: -1/16      AC:  2    Str: 10    XL:     3   Next: 29%
Magic:  0/8        EV: 12    Int: 16    God:
Gold:   7          SH:  0    Dex: 14    Spells: 3/7 levels left

rFire    . . .     SeeInvis .   h - +0 flail
rCold    . . .     Faith    .   (no shield)
rNeg     . . .     Spirit   +   a - +0 robe
rPois    .         Reflect  .   (no helmet)
rElec    .         Harm     .   (no cloak)
rCorr    .                      (no gloves)
MR       .....                  (no boots)
Stlth    ++........             (no amulet)
HPRegen  0.05/turn              (no ring)
MPRegen  0.11/turn              (no ring)

@: no status effects
A: fangs 2, magic shield, antimagic bite, no potion heal 3, rot immunity
a: no special abilities


You were on level 2 of the Dungeon.
You were not hungry.

You visited 1 branch of the dungeon, and saw 2 of its levels.

You collected 7 gold pieces.

Inventory:

Hand Weapons
 h - a +0 flail (weapon)
   (You took it off a gnoll on level 2 of the Dungeon)
Missiles
 f - a throwing net (quivered)
Armour
 a - a +0 robe (worn)
Scrolls
 e - a scroll of remove curse {unknown}
Potions
 b - a potion of curing {unknown}
 d - a potion of heal wounds {unknown}
 g - a potion of haste {unknown}
Comestibles
 c - 2 rations


   Skills:
 - Level 1.5 Dodging
 - Level 2.4 Stealth
 + Level 2.8 Spellcasting
 * Level 4.7 Ice Magic


You had 3 spell levels left.
You knew the following spells:

 Your Spells              Type           Power        Failure   Level  Hunger
a - Freeze                Ice            ###.         2%          1    #......
b - Frozen Ramparts       Ice            ###...       9%          3    ###....

Your spell library contained the following spells:

 Spells                   Type           Power        Failure   Level  Hunger
 Ozocubu's Armour         Chrm/Ice       #.......     22%         3    ###....
 Hailstorm                Conj/Ice       #.......     58%         4    #####..
 Summon Ice Beast         Ice/Summ       #.......     58%         4    #####..


Dungeon Overview and Level Annotations

Branches:
Dungeon (2/15)

Altars:


Innate Abilities, Weirdness & Mutations

You have extremely sharp teeth.
When hurt, damage is shared between your health and your magic reserves.
Your bite disrupts and absorbs the magic of your enemies.
Potions cannot restore your health.
You are immune to rotting.


Message History

Confirm with . or Enter, or press ? or * to list all spells.
Aiming: Freeze (safe; 2% risk of failure)
Press: ? - help, Shift-Dir - straight line, f - hobgoblin
Aim: a hobgoblin, wielding a +0 club (asleep)
You freeze the hobgoblin.
The hobgoblin shouts!
The hobgoblin is heavily wounded.
The hobgoblin hits you but does no damage.
You hit the hobgoblin but do no damage. You bite the hobgoblin.
You drain its power.
You feel invigorated.
The hobgoblin is severely wounded.
The hobgoblin misses you.
The hobgoblin hits you but does no damage.
You hit the hobgoblin but do no damage.
You bite the hobgoblin, but do no damage.
The hobgoblin is severely wounded.
The hobgoblin barely misses you.
You barely miss the hobgoblin. Your bite misses the hobgoblin.
The hobgoblin is severely wounded.
The hobgoblin barely misses you.
Casting: Freeze (safe; 2% risk of failure)
Confirm with . or Enter, or press ? or * to list all spells.
Aiming: Freeze (safe; 2% risk of failure)
Press: ? - help, Shift-Dir - straight line, f/p - hobgoblin
Aim: a hobgoblin, wielding a +0 club (severely wounded)
You freeze the hobgoblin.
You kill the hobgoblin!
There is a stone staircase leading down here.
You climb downwards.
The gnoll hits you with a cursed -2 whip!
* * * LOW HITPOINT WARNING * * *
There is a stone staircase leading up here.
Casting: Freeze (safe; 2% risk of failure)
Confirm with . or Enter, or press ? or * to list all spells.
Aiming: Freeze (safe; 2% risk of failure)
Press: ? - help, Shift-Dir - straight line, f - gnoll
Aim: a gnoll, wielding a -2 whip You freeze the gnoll.
The gnoll is lightly wounded.
The gnoll hits you with a cursed -2 whip!
* * * LOW HITPOINT WARNING * * *
Casting: Freeze (safe; 2% risk of failure)
Confirm with . or Enter, or press ? or * to list all spells.
Aiming: Freeze (safe; 2% risk of failure)
Press: ? - help, Shift-Dir - straight line, f/p - gnoll
Aim: a gnoll, wielding a -2 whip (lightly wounded)
You freeze the gnoll!
The gnoll is severely wounded.
The gnoll hits you with a cursed -2 whip.
You die...

... ######## .# ..# #......# .#
#.##......# .### #.#......##....
#.........#### . #..........).#
.# ##.....†)#.##.# #.#
##.#......#g##.#.#.
#.###.#######.#@.......
#...########.####.#..#
##..........#.. .#..##
#.....#####.#### ##... #....
#........##.##### #.## .....
#.....##........#####.# #....
##....#####.###.......###.##..<.
####.# #.# #######...........
#... ..# #.###.##....


You could see a gnoll.

Vanquished Creatures
  2 gnolls (D:2)
  2 giant cockroaches
  A goblin (D:2)
  3 hobgoblins
  2 bats (D:2)
  A frilled lizard (D:1)
  A kobold (D:2)
  3 rats (D:1)
15 creatures vanquished.

Notes
Turn   | Place    | Note
-------+----------+-------------------------------------------
     0 | D:1      | Flugslaktarn the Vine Stalker Ice Elementalist began the
                  | quest for the Orb.
     0 | D:1      | Reached XP level 1. HP: 9/9 MP: 4/4
    60 | D:1      | You fall into a shaft and drop 1 floor!
   112 | D:2      | Reached XP level 2. HP: 12/13 MP: 3/6
   181 | D:2      | Reached XP level 3. HP: 12/16 MP: 4/8
   186 | D:2      | Learned a level 3 spell: Frozen Ramparts
   208 | D:2      | Slain by a gnoll

Illustrated notes

Levels and vault maps discovered:
D:1:      lightli_arrival_flooded_house, layout_basic, minmay_rat_gold_closets
D:2:      layout_loops_cross

Action                   || total
-------------------------++-------
Melee: Unarmed           ||     6
       Bite              ||     5
       Flail             ||     6
 Cast: Freeze            ||    22
Armor: Robe              ||     7
Dodge: Dodged            ||    22

Table legend:
 A = Non-vault XP
 B = Vault XP
 C = Vault XP percentage of total XP
 D = Non-vault monster count
 E = Vault monster count
 F = Vault count percentage of total count
                 A         B        C        D         E       F
            +---------+---------+-------+---------+---------+-------
      Total |      48 |       0 |   0.0 |      15 |       0 |   0.0
            +---------+---------+-------+---------+---------+-------
        D:1 |       8 |       0 |   0.0 |       6 |       0 |   0.0
        D:2 |      40 |       0 |   0.0 |       9 |       0 |   0.0
            +---------+---------+-------+---------+---------+-------
